 Dungeon Crawl Stone Soup version 0.23.1 (webtiles) character file.

Game seed: 0

459 Arex the Skirmisher (level 7, 0/57 HPs)
             Began as a Formicid Fighter on Mar 14, 2019.
             Slain by an iron imp (4 damage)
             ... summoned by Natasha
             ... on level 4 of the Dungeon.
             The game lasted 00:07:44 (3256 turns).

Arex the Skirmisher (Formicid Fighter)              Turns: 3256, Time: 00:07:45

Health: 0/57       AC:  9    Str: 28    XL:     7   Next: 27%
Magic:  7/7        EV:  6    Int:  7    God:
Gold:   88         SH: 11    Dex: 10    Spells: 6/6 levels left

rFire    . . .     SeeInvis +   a - +0 flail
rCold    . . .     Gourm    .   c - +1 shield
rNeg     . . .     Faith    .   t - +0 chain mail
rPois    .         Spirit   .   (helmet unavailable)
rElec    .         Reflect  .   (no cloak)
rCorr    .         Harm     .   (no gloves)
MR       .....                  (no boots)
Stlth    ..........             (no amulet)
HPRegen  0.19/turn              (no ring)
MPRegen  0.10/turn              (no ring)

@: mighty
A: permanent stasis, dig shafts and tunnels, four strong arms, antennae 3
a: Dig, Shaft Self


You were on level 4 of the Dungeon.
You were not hungry.

You visited 1 branch of the dungeon, and saw 4 of its levels.

You collected 88 gold pieces.

Inventory:

Hand Weapons
 a - a +0 flail (weapon)
Armour
 b - a +0 scale mail
 c - a +1 shield (worn)
 r - a +0 plate armour
 t - a +0 chain mail (worn)
Jewellery
 s - an uncursed amulet of magic regeneration
Scrolls
 e - a scroll of fear
 g - a scroll of noise {unknown}
 h - a scroll of blinking {unknown}
 j - a scroll of fog {unknown}
 k - a scroll of enchant armour
 l - 2 scrolls of identify
 p - a scroll of teleportation
 v - a scroll of immolation {unknown}
Potions
 i - 2 potions of lignification {unknown}
 m - a potion of haste {unknown}
 n - a potion of curing {unknown}
 o - a potion of brilliance {unknown}
 q - a potion of degeneration {unknown}
Comestibles
 f - 10 rations
 u - a chunk of flesh


   Skills:
 * Level 5.9 Fighting
 * Level 4.9 Maces & Flails
 + Level 4.7 Armour
 - Level 3.6 Shields


You had 6 spell levels left.
You didn't know any spells.
Your spell library contained the following spells:

 Spells                   Type           Power        Failure   Level  Hunger
 Magic Dart               Conj           #...         100%        1    ##.....
 Call Imp                 Summ           #.......     100%        2    ###....
 Slow                     Hex            #.......     100%        2    ###....
 Conjure Flame            Conj/Fire      #.......     100%        3    ####...
 Mephitic Cloud           Conj/Pois/Air  #.......     100%        3    ####...
 Blink                    Tloc           Unusable     N/A         2    N/A

Dungeon Overview and Level Annotations

Branches:
Dungeon (4/15)
 Temple: D:4-7

Altars:
Ashenzari

Annotations:
D:4 Natasha


Innate Abilities, Weirdness & Mutations

You cannot be hasted, slowed, berserked, paralysed or teleported.
You can dig through walls and to a lower floor.
Your four strong arms can wield two-handed weapons with a shield.
You have a pair of large antennae on your head. (SInv)


Message History

The orc priest hits you but does no damage.
You bludgeon the orc priest!!
You kill the orc priest!
You completely miss the orc priest.
The orc priest hits you but does no damage.
You closely miss the orc priest. The orc priest hits you with a +0 mace.
* * * LOW HITPOINT WARNING * * *
You sock the orc priest!
The orc priest is heavily wounded.
You block the orc priest's attack.
Natasha mumbles some strange words.
You thump the orc priest!
You kill the orc priest!
You sock the iron imp!
The iron imp is heavily wounded.
You block the iron imp's attack.
You closely miss the iron imp.
The iron imp is heavily wounded.
The iron imp hits you.
You die...

#..##.###.##
#..###.#.##
####..# ##.##
......############
####.............#
#############.#
#.# #.# #@# #5# {
5h# .... ###..
#.#. #.#. #.#.#


You could see an iron imp, Natasha and a white imp.

Vanquished Creatures
  Sigmund (D:2)
  3 orc priests
  Natasha (twice) (D:4)
  An orc wizard (D:4)
  5 adders
  2 oozes
  2 worms
  A dart slug (D:2)
  3 leopard geckos
  4 orcs
  2 ball pythons
  11 bats
  3 giant cockroaches
  4 goblins
  9 hobgoblins
  5 jackals
  8 kobolds
  4 frilled lizards
  8 rats
78 creatures vanquished.

Notes
Turn   | Place    | Note
-------+----------+-------------------------------------------
     0 | D:1      | Arex the Formicid Fighter began the quest for the Orb.
     0 | D:1      | Reached XP level 1. HP: 18/18 MP: 1/1
   167 | D:1      | Reached XP level 2. HP: 20/24 MP: 2/2
   589 | D:1      | Reached XP level 3. HP: 28/30 MP: 3/3
   795 | D:1      | Reached skill level 4 in Fighting
  1130 | D:2      | Reached XP level 4. HP: 37/37 MP: 4/4
  1429 | D:2      | Noticed Sigmund
  1443 | D:2      | Killed Sigmund
  1443 | D:2      | Reached skill level 5 in Fighting
  1443 | D:2      | Reached XP level 5. HP: 23/44 MP: 5/5
  1443 | D:2      | Reached XP level 6. HP: 27/51 MP: 6/6
  2139 | D:3      | Found a shattered altar of Ashenzari.
  3034 | D:4      | Noticed Natasha
  3052 | D:4      | Killed Natasha
  3146 | D:4      | Noticed Natasha
  3156 | D:4      | Killed Natasha
  3156 | D:4      | Reached XP level 7. HP: 53/56 MP: 7/7
  3244 | D:4      | Noticed Natasha
  3256 | D:4      | Slain by an iron imp

Skill      XL: |  1  2  3  4 |
---------------+-------------+-----
Fighting       | 4 5 |  5.9
Maces & Flails | 4 |  4.9
Armour         | 4 |  4.7
Shields        | |  3.6

Action                   |  1- 3 |  4- 6 |  7- 9 || total
-------------------------+-------+-------+-------++-------
Melee: Flail             |   120 |   174 |    20 ||   314
  Use: Potion            |       |     1 |     1 ||     2
       Scroll            |       |     4 |       ||     4
  Eat: Chunk             |     1 |     7 |       ||     8
Armor: Scale mail        |    57 |    54 |       ||   111
       Chain mail        |       |    10 |     4 ||    14
Dodge: Dodged            |    33 |    49 |       ||    82
Block: Shield            |    78 |    86 |     8 ||   172
